 Dungeon Crawl Stone Soup version 0.29-a0-923-g6e406bff71 (webtiles) character file.

Game seed: 7496795263478766399

2276 IdlyInterested the Sneak (level 9, -5/53 (69) HPs)
             Began as a Demonspawn Wanderer on July 27, 2022.
             Slain by a wight
             ... wielding a +0 halberd
              (6 damage)
             ... on level 7 of the Dungeon.
             The game lasted 00:26:08 (6101 turns).

IdlyInterested the Sneak (Demonspawn Wanderer)      Turns: 6101, Time: 00:26:09

HP:   -5/53 (69)    AC: 15    Str:  9    XL:     9   Next: 16%
MP:   8/8           EV: 13    Int: 12    God:
Gold: 924           SH:  0    Dex: 22    Spells: 8/8 levels left

rFire   . . .      SeeInvis .   n - +0 rapier (protect)
rCold   . . .      Faith    .   (no shield)
rNeg    . . .      Spirit   .   e - +0 robe
rPois   .          Reflect  .   r - +0 hat
rElec   .          Harm     .   c - +0 cloak
rCorr   .          Rampage  .   (no gloves)
Will    +....                   p - +1 pair of boots
Stlth   ++++......              b - amulet of regeneration
HPRegen 0.97/turn               u - ring of willpower
MPRegen 0.11/turn               (no ring)

@: under a protective aura, studying Armour, heavily drained
A: molten scales 2, ignite blood 1, spiny 1, low MP 1, MP-powered wands
a: no special abilities


You were on level 7 of the Dungeon.
You visited 2 branches of the dungeon, and saw 8 of its levels.

You collected 1418 gold pieces.
You spent 494 gold pieces at shops.

Inventory:

Hand Weapons
 a - a +2 short sword
 l - a +1 dagger of speed
 n - a +0 rapier of protection (weapon)
 s - a +1 dagger of venom
 I - a +5 dagger of freezing
Missiles
 D - 4 atropa-tipped darts
Armour
 c - a +0 cloak (worn)
 e - a +0 robe (worn)
 g - a +0 ring mail
 o - a +0 leather armour
 p - a +1 pair of boots (worn)
 r - a +0 hat (worn)
 B - an orb of wrath
 F - an orb of light
 L - a +0 crystal plate armour
Magical Staves
 K - a staff of air
Jewellery
 b - an amulet of regeneration (around neck)
 f - a ring of ice
 u - a ring of willpower (left hand)
Wands
 k - a wand of iceblast (5)
 m - a wand of polymorph (6)
 z - a wand of flame (14) (quivered)
 C - a wand of charming (13)
Scrolls
 d - 2 scrolls of blinking
 h - 3 scrolls of teleportation
 j - a scroll of identify
 v - a scroll of enchant weapon
 y - a scroll of magic mapping
 M - a scroll of butterflies {unknown}
Potions
 i - 8 potions of curing
 q - 3 potions of cancellation
 t - 2 potions of resistance
 w - a potion of mutation
 x - 2 potions of berserk rage
 A - a potion of ambrosia
 E - 2 potions of flight
 G - a potion of magic
 H - a potion of might
 J - a potion of haste
 N - 2 potions of lignification {unknown}


   Skills:
 + Level 5.9 Fighting
 + Level 6.8 Short Blades
 - Level 1.7 Ranged Weapons
 - Level 2.0 Throwing
 - Level 2.0 Armour
 - Level 2.0 Dodging
 * Level 7.5 Stealth
 - Level 2.0 Evocations


You had 8 spell levels left.
You didn't know any spells.
Your spell library contained the following spells:

 Spells                   Type           Power      Damage    Failure   Level
 Apportation              Tloc           0%         N/A       32%         1
 Beastly Appendage        Tmut           0%         N/A       32%         1
 Sublimation of Blood     Necr           0%         N/A       45%         2
 Wereblood                Tmut           0%         N/A       45%         2
 Spider Form              Tmut/Pois      0%         N/A       69%         3
 Petrify                  Tmut/Erth      0%         N/A       97%         4
 Alistair's Intoxication  Tmut/Pois      0%         N/A       100%        5
 Blade Hands              Tmut           0%         N/A       100%        5
 Irradiate                Conj/Tmut      0%         3d11      100%        5
 Dragon Form              Tmut           0%         N/A       100%        7


Dungeon Overview and Level Annotations

Branches:
Dungeon (7/15)             Temple (1/1) D:6

Altars:
Ashenzari
Cheibriados
Dithmenos
Fedhas
Gozag
Hepliaklqana
Kikubaaqudgha
Makhleb
Nemelex Xobeh
Okawaru
Qazlal
Ru
Trog
Uskayaw
Xom
Yredelemnul

Shops:
D:6 !


Innate Abilities, Weirdness & Mutations

You are mostly covered in molten scales. (AC +3)
Your demonic aura sometimes causes spilled blood to erupt in flames.
You are partially covered in sharp spines.
Your magical capacity is low. (-10% MP)
You expend magic power (3 MP) to strengthen your wands.


Message History

The wight hits you from afar with a +5 spear!
* * * LOW HITPOINT WARNING * * *
You feel drained.
* * * LOW HITPOINT WARNING * * *
The wight is struck by your spines. The wight misses you.
There is an open door here.
Unknown command.
You hit the wight but do no damage.
The wight is lightly damaged.
The wight barely misses you.
You hit the wight.
The wight is heavily damaged.
The wight is struck by your spines.
You destroy the wight!
Items here: )) [[.
You start resting.
HP restored.
There is an open door here.
Items here: )) [[.
I - a +5 dagger of freezing
There is an open door here.
Things that are here:
a +5 spear; a +0 robe The wight hits you from afar with a +0 halberd!
You feel drained.
The wight hits you with a +2 great sword of freezing!
You feel drained. The wight freezes you. The wight hits you with a +0 halberd!
You hit the wight but do no damage.
Your weapon exudes an aura of protection.
You hit the wight.
The wight is lightly damaged.
The wight is struck by your spines.
The wight hits you with a +2 great sword of freezing!
* * * LOW HITPOINT WARNING * * *
You feel drained.
* * * LOW HITPOINT WARNING * * *
The wight freezes you!
* * * LOW HITPOINT WARNING * * *
The wight is struck by your spines. The wight hits you with a +0 halberd.
You die...

#########..##..####.####...#
.....####..##..###### #...#
..................# #.....
..................# +.....
..................# #.....
..................# #.....
#####.)####....# #...##
####'####z...## #...#
#....).°@z....#
#.............+
#.............#
.......##.###'###
########### ..# ... ... ...


You could see 2 wights.

Vanquished Creatures
  The ghost of ders the Magician, an amateur DjCj (D:4)
  Duvessa (D:6)
  2 water moccasins (D:6)
  An ice beast (D:5)
  2 ogres
  4 phantoms
  Blork the orc (D:6)
  4 scorpions
  7 wights
  Dowan (D:6)
  A hound (D:4)
  A gnoll bouda (D:4)
  An iron imp (D:7)
  Natasha (thrice) (D:4)
  4 iguanas
  An orc wizard (D:7)
  8 adders
  6 gnolls
  A shadow imp (D:6)
  A white imp (D:6)
  An ufetubus (D:7)
  A worm (D:4)
  A dart slug (D:2)
  11 orcs
  9 ball pythons
  5 bats
  12 endoplasms
  3 giant cockroaches
  11 goblins
  8 hobgoblins
  6 jackals
  2 quokkas
  3 frilled lizards
  2 goblin skeletons (D:7)
  4 goblin zombies (D:7)
  A hobgoblin zombie (D:7)
  7 kobolds
  2 kobold skeletons (D:7)
  2 orc skeletons (D:7)
  2 orc zombies (D:7)
  3 rats
  2 butterflies (D:6)
  A toadstool (D:1)
150 creatures vanquished.

Vanquished Creatures (others)
  3 toadstools (D:1)
3 creatures vanquished.

Grand Total: 153 creatures vanquished

Notes
Turn   | Place    | Note
-------+----------+-------------------------------------------
     0 | D:1      | IdlyInterested the Demonspawn Wanderer began the quest for
                  | the Orb.
     0 | D:1      | IdlyInterested set off with the following items: a +2 short
                  | sword, a +0 sling, a +0 cloak, a scroll of blinking, a +0
                  | robe.
     0 | D:1      | Reached XP level 1. HP: 15/15 MP: 1/1
    54 | D:1      | Reached skill level 2 in Stealth
    73 | D:1      | Gained mutation: Your demonic aura sometimes causes spilled
                  | blood to erupt in flames. [demonic ancestry]
    73 | D:1      | Reached XP level 2. HP: 21/21 MP: 2/2
   266 | D:1      | Found a faded altar of an unknown god.
   534 | D:2      | Gained mutation: You are partially covered in molten
                  | scales. (AC +2) [demonic ancestry]
   534 | D:2      | Reached XP level 3. HP: 16/27 MP: 3/3
   669 | D:2      | Identified a scroll of acquirement
   669 | D:2      | Acquired 1052 gold pieces
   789 | D:2      | Reached skill level 3 in Stealth
  1002 | D:2      | Found a shimmering altar of Xom.
  1055 | D:2      | Reached XP level 4. HP: 33/33 MP: 4/4
  2370 | D:3      | Gained mutation: You are partially covered in sharp spines.
                  | [demonic ancestry]
  2370 | D:3      | Reached XP level 5. HP: 39/39 MP: 5/5
  2703 | D:4      | Noticed ders's ghost (amateur DjCj)
  2708 | D:4      | Reached skill level 4 in Stealth
  2731 | D:4      | Noticed an ogre
  2748 | D:4      | Killed an ogre
  2890 | D:4      | Found a broken altar of Ashenzari.
  2894 | D:4      | Found a runed translucent door.
  2970 | D:4      | Reached XP level 6. HP: 46/46 MP: 6/6
  3110 | D:4      | Found an iron altar of Okawaru.
  3152 | D:4      | Reached skill level 1 in Dodging
  3263 | D:4      | Noticed Natasha
  3275 | D:4      | Killed Natasha
  3579 | D:4      | Noticed Natasha
  3585 | D:4      | Killed Natasha
  3670 | D:4      | Killed ders's ghost
  3671 | D:4      | Reached skill level 5 in Short Blades
  3671 | D:4      | Reached XP level 7. HP: 25/53 MP: 7/7
  3915 | D:4      | Noticed Natasha
  3919 | D:4      | Killed Natasha
  3938 | D:5      | Entered Level 5 of the Dungeon
  3955 | D:5      | Reached skill level 1 in Throwing
  4092 | D:5      | Reached skill level 5 in Stealth
  4299 | D:5      | Reached skill level 1 in Evocations
  4299 | D:5      | Gained mutation: You are mostly covered in molten scales.
                  | (AC +3) [demonic ancestry]
  4299 | D:5      | Reached XP level 8. HP: 51/61 MP: 8/8
  4313 | D:5      | Found a shimmering altar of Xom.
  4354 | D:5      | Found a sacrificial altar of Ru.
  4613 | D:6      | Noticed Duvessa
  4616 | D:6      | Noticed Dowan
  4635 | D:6      | Killed Duvessa
  4641 | D:6      | Killed Dowan
  4746 | D:6      | Found a stormy altar of Qazlal.
  4895 | D:6      | Found a staircase to the Ecumenical Temple.
  4911 | Temple   | Entered the Ecumenical Temple
  5133 | D:6      | Gained mutation: Your magical capacity is low. (-10% MP)
                  | [potion of mutation]
  5133 | D:6      | Gained mutation: You expend magic power (3 MP) to
                  | strengthen your wands. [potion of mutation]
  5258 | D:6      | Reached skill level 5 in Fighting
  5258 | D:6      | Reached skill level 6 in Stealth
  5551 | D:6      | Reached skill level 7 in Stealth
  5576 | D:6      | Noticed Blork the orc
  5579 | D:6      | Killed Blork the orc
  5580 | D:6      | Reached XP level 9. HP: 69/69 MP: 8/8
  5653 | D:6      | Found Xikigesu's Distillery.
  5689 | D:6      | Bought 2 potions of flight for 78 gold pieces
  5689 | D:6      | Bought a potion of might for 52 gold pieces
  5689 | D:6      | Bought a potion of heal wounds for 65 gold pieces
  5689 | D:6      | Bought a potion of curing for 39 gold pieces
  5689 | D:6      | Bought a potion of haste for 130 gold pieces
  5689 | D:6      | Bought a potion of resistance for 130 gold pieces
  6101 | D:7      | HP: 1/53 [wight/+2 great sword of freezing (7)]
  6101 | D:7      | Slain by a wight

Illustrated notes

Levels and vault maps discovered:
D:1:      ldierk_water_garden, layout_rooms,
          hellmonk_ecumenical_altar_prayer_group, chequers_arboretum
D:2:      layout_basic, basic_altar, kennysheep_generic_room_16
D:3:      layout_basic, minmay_misc_feat_nine_boxes,
          hangedman_decor_clover_reticule
D:4:      layout_basic, mainiacjoe_overflow_chevrons, elyvilon_altar_3,
          ashenzari_altar_1, hellmonk_ghost_happy_afterlife, uniq_natasha
D:5:      layout_cave_pools, mainiacjoe_overflow_concentric_impassable,
          nicolae_ru_the_path_less_chosen
D:6:      layout_gridville, grunt_qazlal_sundering,
          minmay_temple_entry_butterflies, serial_shops, nicolae_shop_crystal,
          uniq_duvessa, uniq_blork_the_orc
D:7:      layout_gridville, nicolae_tso_besieged_by_evil, bh_walls_and_bars
Temple:   hc_temple_tempest_star

Skill      XL: |  1  2  3  4  5  6  7  8 |
---------------+-------------------------+-----
Stealth        | 2 3 4 5 7 |  7.5
Short Blades   | 4 5 6 |  6.8
Fighting       | 2 3 4 5 |  5.9
Armour         | 2 |  2.0
Dodging        | 2 |  2.0
Throwing       | 2 |  2.0
Evocations     | 1 2 |  2.0
Ranged Weapons | |  1.7

Action                   |  1- 3 |  4- 6 |  7- 9 || total
-------------------------+-------+-------+-------++-------
Melee: Short sword       |   109 |   102 |    31 ||   242
       Punch             |     1 |     4 |     5 ||    10
       Dagger            |       |    88 |   188 ||   276
       Rapier            |       |       |     9 ||     9
Evoke: Wand              |       |       |     2 ||     2
  Use: Scroll            |    10 |     3 |     6 ||    19
       Potion            |     1 |     2 |     3 ||     6
 Stab: Sleeping          |     3 |    12 |     4 ||    19
       Distracted        |       |       |     2 ||     2
Armor: Robe              |    43 |    59 |    36 ||   138
Dodge: Dodged            |    56 |   110 |   112 ||   278

Table legend: (Time is in decaauts)
 A = Elapsed time spent in this place.
 B = Non-inter-level travel time spent in this place.
 C = Inter-level travel time spent in this place.
 D = Time resting spent in this place.
 E = Time spent auto-exploring this place.
 F = Levels seen in this place.
 G = Mean time per level.
                   A        B        C        D        E       F      G
               +--------+--------+--------+--------+--------+-----+--------+
         Total |   6003 |   4915 |   1088 |    361 |   2902 |   8 |  750.4 |
       Dungeon |   5798 |   4723 |   1075 |    361 |   2722 |   7 |  828.3 |
        Temple |    204 |    191 |     13 |      0 |    180 |   1 |  204.0 |
               +--------+--------+--------+--------+--------+-----+--------+

Top non-repeatable levels by time:
     D:4: 1286 daAuts
     D:2: 1257 daAuts
     D:6: 901 daAuts
     D:3: 880 daAuts
     D:5: 608 daAuts
     D:1: 562 daAuts
     D:7: 301 daAuts
  Temple: 204 daAuts
